 Dungeon Crawl Stone Soup version 0.28-a0-906-g0406aca7d3 (webtiles) character file.

Game seed: 10458194581665320509

88 siradein the Shooter (level 4, 0/27 HPs)
             Began as a Deep Elf Hunter on Nov 24, 2021.
             Was an Initiate of Okawaru.
             Slain by a jelly (2 damage)
             ... on level 4 of the Dungeon.
             The game lasted 00:07:52 (2522 turns).

siradein the Shooter (Deep Elf Hunter)              Turns: 2522, Time: 00:07:53

Health: 0/27       AC: -8    Str:  9    XL:     4   Next: 29%
Magic:  6/6        EV: 13    Int: 16    God:    Okawaru [......]
Gold:   97         SH:  0    Dex: 22    Spells: 3/3 levels left

rFire   . . .      SeeInvis .   a - +1 shortbow
rCold   . . .      Faith    .   (shield currently unavailable)
rNeg    . . .      Spirit   .   c - +0 leather armour
rPois   .          Reflect  .   n - +0 helmet
rElec   .          Harm     .   (no cloak)
rCorr   .          Rampage  .   (no gloves)
Will    .....                   (no boots)
Stlth   +++.......              o - amulet of the acrobat
HPRegen 0.09/turn               m - +6 ring of dexterity
MPRegen 0.10/turn               (no ring)

@: corroded
A: no striking features
a: Renounce Religion


You were on level 4 of the Dungeon.
You worshipped Okawaru.
Okawaru was noncommittal.
You visited 1 branch of the dungeon, and saw 4 of its levels.

You collected 97 gold pieces.

Inventory:

Hand Weapons
 a - a +1 shortbow (weapon)
 b - a +0 short sword
Missiles
 d - 24 arrows (quivered ammo)
 e - 5 curare-tipped darts
 k - 8 poisoned darts
 p - 22 bolts
Armour
 c - a +0 leather armour (worn)
 n - a +0 helmet (worn)
Jewellery
 m - a +6 ring of dexterity (left hand)
 o - an amulet of the acrobat (around neck)
Scrolls
 f - a scroll of fog
 j - 3 scrolls of teleportation
 l - a scroll of magic mapping
Potions
 h - a potion of flight {unknown}
 i - 2 potions of heal wounds


   Skills:
 + Level 2.3 Fighting
 + Level 5.9 Bows
 + Level 3.4 Dodging
 + Level 3.0 Stealth


You had 3 spell levels left.
You didn't know any spells.
Your spell library contained the following spells:

 Spells                   Type           Power      Damage    Failure   Level
 Corpse Rot               Necr/Air       0%         N/A       47%         2
 Swiftness                Air            0%         N/A       71%         3
 Maxwell's Capacitive Co  Air            0%         ∞         100%        8
 Summon Hydra             Summ           Unusable   N/A       N/A         7

Dungeon Overview and Level Annotations

Branches:
Dungeon (4/15)
 Temple: D:4-7

Altars:
Okawaru
Vehumet
Zin

Annotations:
D:2 1 runed translucent door, Crazy Yiuf


Message History

You kill the kobold!
Okawaru accepts your kill.
A quokka skeleton comes into view.
An adder comes into view.
Things that are here:
a +0 short sword; 2 stones; a kobold corpse
Found 17 gold pieces.
The jelly hits you. The acid corrodes you!
You are splashed with acid!
Things that are here:
a +0 short sword; 2 stones; a kobold corpse
a - a +1 shortbow (weapon)
The jelly hits you. The acid corrodes you!
You are splashed with acid!
You are too injured to fight recklessly!
You are too injured to fight recklessly!
Fire: 28 arrows
Press: ? - help, Q - select action, (/) - cycle Shift-Dir - straight line, f - jelly
Aim: a jelly (91% to hit)
You shoot an arrow. The arrow hits the jelly.
The jelly is lightly wounded.
The jelly closely misses you.
Fire: 27 arrows
Press: ? - help, Q - select action, (/) - cycle Shift-Dir - straight line, f/p - jelly
Aim: a jelly (lightly wounded, 91% to hit)
You shoot an arrow. The arrow hits the jelly!
The jelly is heavily wounded.
The jelly barely misses you.
Fire: 26 arrows
Press: ? - help, Q - select action, (/) - cycle Shift-Dir - straight line, f/p - jelly
Aim: a jelly (heavily wounded, 91% to hit)
You shoot an arrow.
The arrow hits the jelly but does no damage.
The jelly is heavily wounded.
The jelly hits you. The acid corrodes you!
You are splashed with acid!
* * * LOW HITPOINT WARNING * * *
Fire: 25 arrows
Press: ? - help, Q - select action, (/) - cycle Shift-Dir - straight line, f/p - jelly
Aim: a jelly (heavily wounded, 91% to hit)
You shoot an arrow. The arrow hits the jelly.
The jelly is severely wounded.
The jelly hits you.
You die...

.#.......##........ .........
... ...?.##........ .........
..# #....##.......###........
..###....##.......#.........#
..#...............+.........+
..#...............#.........#
..#...............#.........#
..)..........)....#.........#
...............J@....<.......
........†....................
....##.......####............
....##.......# #.##....#####
....##..>###.# #.#######
....##.#.###.####.#
....##.#..........# ....
#.#..######### .... #.##.#


You could see a jelly.

Vanquished Creatures
  2 adders
  5 dart slugs
  7 endoplasms
  A giant cockroach (D:1)
  10 goblins
  6 hobgoblins
  3 quokkas (D:1)
  7 ball pythons
  4 bats
  A frilled lizard (D:2)
  9 kobolds
  3 rats (D:1)
58 creatures vanquished.

Notes
Turn   | Place    | Note
-------+----------+-------------------------------------------
     0 | D:1      | siradein the Deep Elf Hunter began the quest for the Orb.
     0 | D:1      | Reached XP level 1. HP: 12/12 MP: 3/3
    86 | D:1      | Reached XP level 2. HP: 17/17 MP: 4/4
   278 | D:1      | Reached XP level 3. HP: 21/21 MP: 5/5
  1228 | D:2      | Found a runed translucent door.
  1229 | D:2      | Noticed Crazy Yiuf
  1402 | D:2      | Got the Grimoire of Creation and Weightlessness
  1448 | D:2      | Found a faded altar of an unknown god.
  1508 | D:2      | Reached XP level 4. HP: 26/26 MP: 6/6
  2305 | D:3      | Found an iron altar of Okawaru.
  2305 | D:3      | Found a radiant altar of Vehumet.
  2343 | D:3      | Became a worshipper of Warmaster Okawaru
  2361 | D:3      | Found a glowing silver altar of Zin.
  2522 | D:4      | Slain by a jelly

Illustrated notes

Levels and vault maps discovered:
D:1:      matt_arrival_los_fun, layout_basic, nrook_campfire,
          lemuel_another_geyser
D:2:      layout_basic, ebering_ecumenical_altar_hall, uniq_crazy_yiuf_cottage
D:3:      layout_rooms, zin_academy, gammafunk_temple_overflow_elements
D:4:      layout_basic, overflow_temple_1_default,
          minmay_temple_entry_enclosed_plants, minmay_goblin_kobold_house

Skill      XL: |  1  2  3  4 |
---------------+-------------+-----
Stealth        | 2 3 |  3.0
Fighting       | 2 |  2.3
Dodging        | 3 |  3.4
Bows           | |  5.9

Action                   |  1- 3 |  4- 6 || total
-------------------------+-------+-------++-------
Melee: Short sword       |       |    36 ||    36
 Fire: Shortbow          |   104 |     4 ||   108
  Use: Scroll            |       |     4 ||     4
 Stab: Sleeping          |       |     2 ||     2
Armor: Leather armour    |     1 |     5 ||     6
Dodge: Dodged            |     8 |    31 ||    39

Table legend: (Time is in decaauts)
 A = Elapsed time spent in this place.
 B = Non-inter-level travel time spent in this place.
 C = Inter-level travel time spent in this place.
 D = Time resting spent in this place.
 E = Time spent auto-exploring this place.
 F = Levels seen in this place.
 G = Mean time per level.
                   A        B        C        D        E       F      G
               +--------+--------+--------+--------+--------+-----+--------+
         Total |   2525 |   2475 |     50 |      0 |   2070 |   4 |  631.2 |
       Dungeon |   2525 |   2475 |     50 |      0 |   2070 |   4 |  631.2 |
               +--------+--------+--------+--------+--------+-----+--------+

Top non-repeatable levels by time:
     D:2: 842 daAuts
     D:3: 819 daAuts
     D:1: 801 daAuts
     D:4: 62 daAuts
